AoeStats
← UNCLE J

Runestones

508053268Analyzed
1v1 RM · 12d ago on Sep 20, 2026· 82m 48s· 2 players
Game mode
Random Map
Map size
Tiny (2 player)
Population
200
Speed
Normal
Resources
Standard
Victory
Conquest
Starting age
Dark Age
Ending age
Imperial Age
RankedLock teamsTeams togetherTeam positionsShared explorationLock speedFull tech treeHidden civsTurbo modeCheats
Victory
Defeat
🇫🇷 Wu · France
953
+15
🇪🇪 Gurjaras · Estonia
940
-15
UNCLE J
9:41 Feudal Age
8:46 Loom
13:16 Double-Bit Axe
13:25 Fletching
19:29 Castle Age
18:29 Padded Archer Armor
20:02 Wheelbarrow
19:12 Town Watch
19:12 Horse Collar
24:04 Hand Cart
23:57 Bodkin Arrow
24:22 Leather Archer Armor
24:36 Forging
26:05 Husbandry
26:15 Bloodlines
26:42 Scale Barding Armor
28:12 Iron Casting
33:08 Gold Mining
33:11 Stone Mining
34:27 Bow Saw
38:11 Imperial Age
36:26 Chain Barding Armor
38:18 Town Patrol
40:34 Kshatriyas
40:49 Conscription
41:50 Elite Shrivamsha Rider
43:26 Elite Elephant Archer
45:23 Bracer
45:59 Plate Barding Armor
45:41 Crossbowman
45:41 Elite Skirmisher
45:53 Elite Skirmisher
48:15 Heavy Plow
49:55 Chemistry
48:50 Murder Holes
49:17 Ballistics
52:33 Light Cavalry
61:58 Hussar
64:43 Crop Rotation
64:34 Thumb Ring
65:38 Hoardings
81:05 Leather Archer Armor
jussii_not_juicy
10:03 Feudal Age
8:45 Loom
16:54 Castle Age
15:56 Scale Mail Armor
16:07 Forging
18:08 Squires
18:01 Town Watch
19:43 Arson
21:57 Wheelbarrow
23:31 Horse Collar
28:41 Double-Bit Axe
29:09 Pikeman
31:45 Hand Cart
33:18 Chain Mail Armor
34:04 Bow Saw
39:39 Imperial Age
38:02 Fletching
38:48 Iron Casting
38:15 Padded Archer Armor
39:39 Bodkin Arrow
39:56 Murder Holes
41:18 Conscription
43:03 Ballistics
48:09 Chemistry
49:28 Halberdier
53:49 Plate Mail Armor
53:36 Leather Archer Armor
56:47 Blast Furnace
58:16 Bracer
58:45 Elite Fire Archer
63:10 Scale Barding Armor
64:33 Chain Barding Armor
64:28 Bloodlines
63:40 Light Cavalry
64:23 Husbandry
64:22 Hussar
65:53 Plate Barding Armor
69:45 Heavy Hei Guang Cavalry
79:25 Man-at-Arms
Connection lost

Rejoining the realm…

Still unreachable

The connection could not be restored.

Session expired

The server has moved on; the page needs a fresh start.